 Seeded DCSS version 0.30-b1-7-gcb88a99046 (webtiles) character file.

Game seed: 1973 (custom seed)

96 Kazon the Chopper (level 4, -2/44 HPs)
             Began as an Ogre Wanderer on May 5, 2023.
             Slain by a hound (3 damage)
             ... on level 4 of the Dungeon.
             The game lasted 00:13:43 (2401 turns).

Kazon the Chopper (Ogre Wanderer)                   Turns: 2401, Time: 00:13:43

Health: -2/44      AC:  3    Str: 16    XL:     4   Next: 67%
Magic:  7/7        EV:  9    Int: 21    God:
Gold:   102        SH:  0    Dex:  8    Spells: 3/7 levels left

rFire   . . .        q - +0 whip
rCold   . . .        (no shield)
rNeg    . . .        b - +0 robe
rPois   .            (helmet restricted)
rElec   .            (no cloak)
rCorr   .            (gloves unavailable)
SInv    .            (boots unavailable)
Will    .....        (no amulet)
Stlth   +            t - +6 ring of intelligence
HPRegen 0.27/turn    (no ring)
MPRegen 0.10/turn

%: no passive effects
@: no status effects
A: large, unfitting armour, tough skin 1
a: no special abilities


You were on level 4 of the Dungeon.
You visited 1 branch of the dungeon, and saw 4 of its levels.

You collected 102 gold pieces.

Inventory:

Hand Weapons
 a - a +0 war axe
 q - a +0 whip (weapon)
Missiles
 j - 4 large rocks
 k - 25 stones (quivered)
 l - 6 boomerangs
Armour
 b - a +0 robe (worn)
Jewellery
 t - a +6 ring of intelligence (left hand)
Scrolls
 d - a scroll of blinking {unknown}
 f - 5 scrolls of identify {unknown}
 g - 3 scrolls of teleportation {unknown}
 h - a scroll of immolation {unknown}
 m - a scroll of amnesia {unknown}
 n - a scroll of poison {unknown}
 o - a scroll of vulnerability {unknown}
 s - a scroll of silence {unknown}
 w - a scroll of fog {unknown}
Potions
 c - 2 potions of brilliance
 e - a potion of mutation {unknown}
 i - 2 potions of magic {unknown}
 p - a potion of degeneration {unknown}
 r - a potion of lignification {unknown}
 u - a potion of attraction {unknown}
 v - a potion of heal wounds {unknown}


   Skills:
 * Level 2.8 Fighting
 + Level 4.7(4.8) Axes
 + Level 0.5(2.7) Maces & Flails
 * Level 0.6 Throwing
 + Level 1.2 Dodging
 + Level 1.0 Stealth
 + Level 2.1 Spellcasting
 + Level 2.1 Hexes


You had 3 spell levels left.
You knew the following spells:

 Your Spells              Type           Power      Damage    Failure   Level
a - Slow                  Hex            44%        N/A       6%          1
b - Beastly Appendage     Tmut           4%         N/A       14%         1
c - Wereblood             Tmut           2%         N/A       22%         2

Your spell library contained the following spells:

 Spells                   Type           Power      Damage    Failure   Level
 Cigotuvi's Dreadful Rot  Necr/Pois/Air  4%         N/A       22%         2
 Portal Projectile        Hex/Tloc       12%        N/A       28%         3
 Ignite Poison            Fire/Tmut/Pois 2%         N/A       41%         3
 Spider Form              Tmut/Pois      2%         N/A       41%         3
 Cause Fear               Hex            5%         N/A       52%         4
 Anguish                  Hex/Necr       3%         N/A       67%         4
 Freezing Cloud           Conj/Ice/Air   1%         6-21      99%         5
 Enfeeble                 Hex            5%         N/A       100%        7


Dungeon Overview and Level Annotations

Branches:
Dungeon (4/15)
 Temple: D:4-7

Altars:


Innate Abilities, Weirdness & Mutations

You are too large for most types of armour.
You have tough skin. (AC +1)


Message History

The hound bites you but does no damage.
Your magical contamination has completely faded away.
You miss the hound.
The hound is moderately wounded.
The hound bites you.
* * * LOW HITPOINT WARNING * * *
The hound completely misses you.
You miss the hound.
The hound is moderately wounded.
The hound bites you but does no damage.
You hit the hound.
The hound is moderately wounded.
The hound bites you.
* * * LOW HITPOINT WARNING * * *
The hound barely misses you.
You hit the hound but do no damage.
The hound is moderately wounded.
The hound bites you but does no damage.
You closely miss the hound.
The hound is moderately wounded.
The hound bites you.
* * * LOW HITPOINT WARNING * * *
The hound barely misses you.
You barely miss the hound.
The hound is moderately wounded.
The hound barely misses you.
You closely miss the hound.
The hound is moderately wounded.
The hound bites you.
* * * LOW HITPOINT WARNING * * *
You closely miss the hound.
The hound is moderately wounded.
The hound bites you.
* * * LOW HITPOINT WARNING * * *
The hound bites you.
* * * LOW HITPOINT WARNING * * *
You hit the hound.
The hound is heavily wounded.
The hound bites you.
You die...

#.#..# #. #..#.#.#.#
#..# ##.#..## #
##.####.#... ...#
.#.#... #.....#.#
######.# .#.#.###$#
#..# .#.# #.#
.........###..##.#.#
#.#
.....#####.......#.#
........<....##..# #
.....####.†####.##.###
.....##.........@....#
.....##..######..h..##
.....>.........####.#
...##.##....... ..
...##.#........ ##
............#..
...............
............#.#
...............


You could see a hound.

Vanquished Creatures
  3 adders
  2 dart slugs (D:1)
  7 orcs
  3 ball pythons
  3 bats
  3 endoplasms
  5 giant cockroaches (D:1)
  8 hobgoblins
  6 jackals
  6 frilled lizards
  4 goblins
  2 kobolds (D:1)
  3 rats
55 creatures vanquished.

Notes
Turn   | Place    | Note
-------+----------+-------------------------------------------
     0 | D:1      | Kazon the Ogre Wanderer began the quest for the Orb.
     0 | D:1      | Kazon set off with the following items: a +0 war axe, a +0
                  | robe, a potion of brilliance; and the following spell
                  | memorised: Slow; and the following spells available to
                  | memorise: Portal Projectile.
     0 | D:1      | Reached XP level 1. HP: 19/19 MP: 2/2
   186 | D:1      | Reached XP level 2. HP: 24/27 MP: 2/4
   567 | D:1      | Reached XP level 3. HP: 21/33 MP: 0/5
   941 | D:2      | Learned a level 1 spell: Beastly Appendage
  1108 | D:2      | HP: 1/33 [poisoned by an adder]
  1229 | D:2      | Reached XP level 4. HP: 42/42 MP: 6/6
  1832 | D:3      | Learned a level 2 spell: Wereblood
  2098 | D:2      | You fall into a shaft and drop 1 floor!
  2400 | D:4      | HP: 1/44 [hound (5)]
  2401 | D:4      | Slain by a hound

Illustrated notes

Levels and vault maps discovered:
D:1:      co_arrival_random_square_maze, layout_loops_ring
D:2:      layout_basic
D:3:      layout_basic
D:4:      layout_basic, fiery_altar_vehumet, minmay_temple_entry_poolview,
          nicolae_ossuary_entry_false_entrances, uniq_edmund

Skill      XL: |  1  2  3  4 |
---------------+-------------+-----
Hexes          | 2 |  2.1
Fighting       | 2 |  2.8
Spellcasting   | 2 |  2.1
Axes           | |  4.7
Maces & Flails | |  0.5
Throwing       | |  0.6
Dodging        | |  1.2
Stealth        | |  1.0

Action                     |  1- 3 |  4- 6 || total
---------------------------+-------+-------++-------
  Melee: War axe           |   116 |    10 ||   126
         Whip              |    12 |    98 ||   110
         Punch             |     1 |       ||     1
         Headbutt          |       |     8 ||     8
         Kick              |       |     5 ||     5
  Throw: Stone             |     3 |    21 ||    24
   Cast: Slow              |    29 |     7 ||    36
         Beastly Appendage |       |     5 ||     5
    Use: Potion            |     2 |       ||     2
   Stab: Sleeping          |       |     1 ||     1
 Armour: Robe              |    43 |    17 ||    60
  Dodge: Dodged            |    74 |    45 ||   119
